 Dungeon Crawl Stone Soup version 0.28-a0-1387-g3a22ab9bdc (webtiles) character file.

Game seed: 16895842339198001508

12 Sabo the Gusty (level 2, 20/20 HPs)
             Began as a Draconian Air Elementalist on Jan 2, 2022.
             Was a Follower of Wu Jian.
             Got out of the dungeon alive.
             The game lasted 00:03:38 (725 turns).

Sabo the Gusty (Draconian Air Elementalist)          Turns: 725, Time: 00:03:39

Health: 20/20      AC:  4    Str: 10    XL:     2   Next: 20%
Magic:  5/5        EV: 12    Int: 15    God:    Wu Jian [*.....]
Gold:   29         SH:  0    Dex: 11    Spells: 4/5 levels left

rFire   . . .      SeeInvis .   b - +1 dagger (venom)
rCold   . . .      Faith    .   (no shield)
rNeg    . . .      Spirit   .   (armour unavailable)
rPois   .          Reflect  .   (helmet restricted)
rElec   .          Harm     .   (no cloak)
rCorr   .          Rampage  .   (no gloves)
Will    .....                   (no boots)
Stlth   ++........              (no amulet)
HPRegen 0.06/turn               (no ring)
MPRegen 0.09/turn               (no ring)

@: no status effects
A: AC +4, unfitting armour, cold-blooded
a: Renounce Religion


You escaped.
You worshipped Wu Jian.
Wu Jian was aware of your devotion.
You visited 1 branch of the dungeon, and saw 1 of its levels.

You collected 29 gold pieces.

Inventory:

Hand Weapons
 b - a +1 dagger of venom (weapon)
Missiles
 a - 16 bolts
 c - 22 arrows
 d - 13 stones
Scrolls
 e - a scroll of noise {unknown}
Potions
 f - a potion of attraction {unknown}


   Skills:
 + Level 1.8 Dodging
 + Level 1.7 Stealth
 + Level 2.1 Spellcasting
 + Level 1.0 Conjurations
 + Level 3.5 Air Magic


You had 4 spell levels left.
You knew the following spells:

 Your Spells              Type           Power      Damage    Failure   Level
a - Shock                 Conj/Air       32%        1d5       9%          1

Your spell library contained the following spells:

 Spells                   Type           Power      Damage    Failure   Level
 Static Discharge         Conj/Air       8%         N/A       13%         2
 Swiftness                Air            12%        N/A       16%         3
 Airstrike                Air            6%         N/A       45%         4


Dungeon Overview and Level Annotations

Branches:
Dungeon (1/15)

Altars:
Wu Jian


Innate Abilities, Weirdness & Mutations

Your plain brown scales are hard. (AC +4)
You cannot fit into any form of body armour.
You are cold-blooded and may be slowed by cold attacks.


Message History

Magic restored.
You start resting.
HP restored.
Things that are here:
a +0 club; a kobold corpse
Found a scroll labelled CIUNWA GASULOZ.
e - a scroll labelled CIUNWA GASULOZ
Found a black potion.
f - a black potion
Found a ring mail.
A ball python comes into view.
You spin and attack the ball python.
You barely miss the ball python. The ball python closely misses you.
The ball python grabs you. The ball python constricts you.
You completely miss the ball python.
Your tail-slap misses the ball python.
The ball python bites you but does no damage.
The ball python constricts you. The ball python barely misses you.
The ball python constricts you.
You hit the ball python.
The ball python is heavily wounded.
The ball python closely misses you. The ball python constricts you.
You hit the ball python.
The ball python is poisoned.
The ball python is severely wounded.
You kill the ball python!
The Council accepts your kill.
A goblin comes into view. It is wielding a +0 club.
The goblin shouts!
You barely miss the goblin. The goblin barely misses you.
You hit the goblin.
The goblin is poisoned.
The goblin is moderately wounded.
The goblin closely misses you.
You hit the goblin.
You kill the goblin!
The Council accepts your kill.
You see here a +0 club.
There is an open gate here.
There is a staircase leading out of the dungeon here.
Okay, then.
Are you sure you want to leave the Dungeon?
This will make you lose the game!
You have escaped!

.##..# #.# #.# . #..# #.# #.#
#..# #.# #.# #..# #.# #.#
#..#####.#######.#
###................###
.........##..##'''##.#
########.###.#.....#.############
#.# #.#..@..#............. #.#
#.#.....#..........### #.#
#.#.....#..#####>..# #.#
#.##'''##..# #.### #.#
#.........## #.# #.####.#### #.#
#.# #.## #.# #.# #..# ######.#
#.# ##.# #......#


There were no monsters in sight!

Vanquished Creatures
  A ball python (D:1)
  An endoplasm (D:1)
  A giant cockroach (D:1)
  4 goblins (D:1)
  2 kobolds (D:1)
  A bat (D:1)
  A frilled lizard (D:1)
11 creatures vanquished.

Notes
Turn   | Place    | Note
-------+----------+-------------------------------------------
     0 | D:1      | Sabo the Draconian Air Elementalist began the quest for the
                  | Orb.
     0 | D:1      | Reached XP level 1. HP: 14/14 MP: 3/3
   328 | D:1      | Found a faded altar of an unknown god.
   337 | D:1      | Prayed at the altar of an unknown god.
   337 | D:1      | Became a worshipper of the Wu Jian Council
   337 | D:1      | Reached * piety under Wu Jian
   439 | D:1      | Reached XP level 2. HP: 20/20 MP: 3/5
   725 | D:$      | Got out of the dungeon alive.

Illustrated notes

Levels and vault maps discovered:
D:1:      dpeg_arrival_windows_large_door, layout_loops_ring,
          basic_ecumenical_altar

Action                   || total
-------------------------++-------
Melee: Dagger            ||    12
 Cast: Shock             ||    20
Invok: Whirlwind         ||     1
Armor: Skin              ||     3
Dodge: Dodged            ||    11

Table legend: (Time is in decaauts)
 A = Elapsed time spent in this place.
 B = Non-inter-level travel time spent in this place.
 C = Inter-level travel time spent in this place.
 D = Time resting spent in this place.
 E = Time spent auto-exploring this place.
 F = Levels seen in this place.
 G = Mean time per level.
                   A        B        C        D        E       F      G
               +--------+--------+--------+--------+--------+-----+--------+
         Total |    724 |    724 |      0 |    248 |      0 |   1 |  724.0 |
       Dungeon |    724 |    724 |      0 |    248 |      0 |   1 |  724.0 |
               +--------+--------+--------+--------+--------+-----+--------+

Top non-repeatable levels by time:
     D:1: 724 daAuts
